 Dungeon Crawl Stone Soup version 0.30-a0-242-g7bf8e6d787 (webtiles) character file.

Game seed: 3710140508504430270

94 purpskrrrp the Grave Robber (level 4, -2/33 HPs)
             Began as a Demigod Necromancer on Oct 11, 2022.
             Slain by an orc
             ... wielding a +0 hand axe
              (6 damage)
             ... on level 3 of the Dungeon.
             The game lasted 00:06:33 (2978 turns).

purpskrrrp the Grave Robber (Demigod Necromancer)   Turns: 2978, Time: 00:06:34

Health: -2/33      AC:  4    Str:  9    XL:     4   Next: 16%
Magic:  0/10       EV: 12    Int: 21    God:
Gold:   139        SH:  5    Dex: 14    Spells: 4/8 levels left

rFire   . . .      SeeInvis .    i - +1 trident (vorpal)
rCold   . . .      Faith    .    (no shield)
rNeg    . . .      Spirit   .    a - +0 robe
rPois   .          Reflect  +    c - +1 helmet
rElec   .          Harm     .    (no cloak)
rCorr   .          Rampage  .    (no gloves)
Will    .....                    (no boots)
Stlth   ++........               g - amulet of reflection
HPRegen 0.25/turn                (no ring)
MPRegen 0.12/turn                (no ring)

@: no status effects
A: high MP 1, forlorn, divine attributes
a: no special abilities


You were on level 3 of the Dungeon.
You visited 1 branch of the dungeon, and saw 3 of its levels.

You collected 139 gold pieces.

Inventory:

Hand Weapons
 i - a +1 vorpal trident (weapon)
Missiles
 d - 5 boomerangs
Armour
 a - a +0 robe (worn)
 c - a +1 helmet (worn)
Jewellery
 g - an amulet of reflection (around neck)
 q - a ring of magical power
Scrolls
 e - 3 scrolls of teleportation
 f - a scroll of magic mapping
 h - 3 scrolls of immolation {unknown}
 l - 3 scrolls of identify
 m - a scroll of enchant armour {unknown}
 o - a scroll of amnesia {unknown}
 p - a scroll of blinking {unknown}
 r - a scroll of vulnerability {unknown}
 s - a scroll of enchant weapon {unknown}
Potions
 b - a potion of magic
 j - a potion of haste {unknown}
 k - a potion of cancellation
 n - a potion of curing {unknown}


   Skills:
 + Level 2.4 Dodging
 + Level 2.5 Stealth
 * Level 2.6 Spellcasting
 + Level 0.2 Conjurations
 + Level 0.2 Summonings
 + Level 4.0 Necromancy


You had 4 spell levels left.
You knew the following spells:

 Your Spells              Type           Power      Damage    Failure   Level
a - Necrotise             Necr           76%        1d7       2%          1
b - Call Imp              Summ           3%         N/A       19%         2
c - Magic Dart            Conj           12%        1d3       12%         1

Your spell library contained the following spells:

 Spells                   Type           Power      Damage    Failure   Level
 Vampiric Draining        Necr           19%        2d7       8%          3
 Slow                     Hex            8%         N/A       14%         1
 Animate Dead             Necr           19%        N/A       26%         4
 Mephitic Cloud           Conj/Pois/Air  3%         N/A       36%         3
 Confusing Touch          Hex            2%         N/A       38%         3
 Portal Projectile        Hex/Tloc       4%         N/A       38%         3
 Tukima's Dance           Hex            2%         N/A       38%         3
 Agony                    Necr           19%        N/A       58%         5
 Blade Hands              Tmut           1%         N/A       98%         5


Dungeon Overview and Level Annotations

Branches:
Dungeon (3/15)


Innate Abilities, Weirdness & Mutations

You have an increased reservoir of magic. (+10% MP)
You shall have no god before yourself.
Your divine heritage dramatically boosts your attributes as you level up.


Message History

The orc is moderately wounded.
An orc comes into view. It is wielding a +0 flail.
The magic dart hits the orc.
The orc is moderately wounded.
The magic dart hits the orc but does no damage.
The orc is moderately wounded.
The orc barely misses you.
The magic dart hits the orc.
The orc is moderately wounded.
You block the orc's attack.
An orc comes into view. It is wielding a +0 flail.
The orc hits you with a +0 hand axe.
The magic dart hits the orc.
The orc is heavily wounded.
The orc shouts!
The orc hits you with a +0 hand axe. You block the orc's attack.
The orc hits you with a +0 hand axe.
The magic dart hits the orc but does no damage.
The orc is heavily wounded.
The orc barely misses you. The orc misses you.
The orc hits you with a +0 hand axe.
The magic dart hits the orc.
The orc is severely wounded.
The orc hits you with a +0 hand axe. You block the orc's attack. x2
The magic dart hits the orc but does no damage.
The orc is severely wounded.
The orc barely misses you. The orc hits you with a +0 flail!
The orc misses you.
You are too injured to fight recklessly!
You are too injured to fight recklessly!
You are too injured to fight recklessly!
You are too injured to fight recklessly!
You are too injured to fight recklessly!
You are too injured to fight recklessly!
The orc hits you with a +0 flail!
* * * LOW HITPOINT WARNING * * *
It was a potion of cancellation.
You feel magically purged.
Your magical contamination has completely faded away.
The orc hits you with a +0 hand axe.
You die...

.#.#.##...###########..........#.
.........##._.###._.##...........
##.......# ....8.... #.......###.
##.......# ⌠..[..⌠ #...........
.[.......## ..... ##...........
......##..### ... ###...####.....
......##....###o###.....'..#....#
......##.......oo.......##.#'##+#
...............o@.......##.......
.........................#.......
....#...........<._......+.......
.........................##......
.................................
................#........#.......
................#........#.......
#...............#........#.....##
#........................##+#....


You could see 4 orcs.

Vanquished Creatures
  Robin (D:2)
  2 adders (D:3)
  2 dart slugs (D:1)
  4 ball pythons
  4 endoplasms
  A giant cockroach (D:2)
  7 goblins (D:2)
  9 hobgoblins
  8 jackals (D:1)
  6 kobolds
  3 bats
  A frilled lizard (D:2)
  4 rats
52 creatures vanquished.

Vanquished Creatures (collateral kills)
  A goblin (D:2)
  A hobgoblin (D:2)
  A frilled lizard (D:2)
3 creatures vanquished.

Grand Total: 55 creatures vanquished

Notes
Turn   | Place    | Note
-------+----------+-------------------------------------------
     0 | D:1      | purpskrrrp the Demigod Necromancer began the quest for the
                  | Orb.
     0 | D:1      | Reached XP level 1. HP: 14/14 MP: 5/5
   302 | D:1      | Reached XP level 2. HP: 17/20 MP: 0/7
  1303 | D:2      | Reached XP level 3. HP: 26/26 MP: 0/8
  1308 | D:2      | Noticed Robin
  1466 | D:2      | Killed Robin
  1595 | D:2      | Reached skill level 4 in Necromancy
  2170 | D:2      | Learned a level 2 spell: Call Imp
  2172 | D:2      | Learned a level 1 spell: Magic Dart
  2499 | D:3      | Reached XP level 4. HP: 28/33 MP: 2/10
  2978 | D:3      | Slain by an orc

Illustrated notes

Levels and vault maps discovered:
D:1:      kennysheep_arrival_forest, layout_loops_ring
D:2:      layout_loops_ring, grunt_decor_junction, minivault_14, uniq_robin
D:3:      layout_basic, gammafunk_temple_overflow_pools, basic_ecumenical_altar,
          roderic_lattice_a, kennysheep_big_empty_room

Skill      XL: |  1  2  3 |
---------------+----------+-----
Dodging        | 2 |  2.4
Stealth        | 2 |  2.5
Spellcasting   | 2 |  2.6
Necromancy     | 4 |  4.0
Conjurations   | |  0.2
Summonings     | |  0.2

Action                   |  1- 3 |  4- 6 || total
-------------------------+-------+-------++-------
Melee: Unarmed           |    13 |       ||    13
       Trident           |       |    12 ||    12
 Cast: Necrotise         |    78 |       ||    78
       Magic Dart        |    24 |    16 ||    40
  Use: Scroll            |     3 |       ||     3
       Potion            |       |     1 ||     1
Armor: Robe              |    10 |     4 ||    14
Dodge: Dodged            |    24 |     9 ||    33
Block: Other             |     4 |     6 ||    10
       Reflection        |     3 |       ||     3

Table legend: (Time is in decaauts)
 A = Elapsed time spent in this place.
 B = Non-inter-level travel time spent in this place.
 C = Inter-level travel time spent in this place.
 D = Time resting spent in this place.
 E = Time spent auto-exploring this place.
 F = Levels seen in this place.
 G = Mean time per level.
                   A        B        C        D        E       F      G
               +--------+--------+--------+--------+--------+-----+--------+
         Total |   2980 |   2887 |     93 |    170 |   2300 |   3 |  993.3 |
       Dungeon |   2980 |   2887 |     93 |    170 |   2300 |   3 |  993.3 |
               +--------+--------+--------+--------+--------+-----+--------+

Top non-repeatable levels by time:
     D:1: 1183 daAuts
     D:2: 1005 daAuts
     D:3: 792 daAuts
